 Dungeon Crawl Stone Soup version 0.17.0-28-g6e173f8 (webtiles) character file.

18104 Ijustatesigmund the Slicer (level 12, -7/75 (76) HPs)
             Began as a Kobold Assassin on Nov 23, 2015.
             Was a High Priest of Cheibriados.
             Mangled by a hill giant
             ... wielding a +0 giant club
              (16 damage)
             ... on level 12 of the Dungeon.
             The game lasted 00:50:20 (13206 turns).

Ijustatesigmund the Slicer (Kobold Assassin)       Turns: 13206, Time: 00:50:20

HP:   -7/75 (76)    AC:  6    Str: 22    XL:     12   Next: 91%
MP:   17/17         EV: 30    Int: 24    God:    Cheibriados [*****.]
Gold: 611           SH:  0    Dex: 31    Spells: 1 memorised, 13 levels left

rFire  . . .     SeeInvis .     z - +9 falchion of the Jester {elec, rN++}
rCold  + . .     Clarity  .     c - +0 robe
rNeg   + + .     SustAt   .     (shield restricted)
rPois  +         Gourm    .     (no helmet)
rElec  .         Spirit   .     F - +1 cloak
rCorr  .         Warding  .     h - +1 pair of gloves
rMut   .         Stasis   .     (no boots)
MR     .....                    (no amulet)
Stlth  +++++++...               E - ring of poison resistance
                                d - ring of protection from cold

@: very slow, not resistant to hostile enchantments, extremely stealthy
A: carnivore 3
a: Bend Time, Temporal Distortion, Slouch, Step From Time, Renounce Religion


You were on level 12 of the Dungeon.
You worshipped Cheibriados.
Cheibriados was extremely pleased with you.
You were very full.

You visited 2 branches of the dungeon, and saw 13 of its levels.

You collected 611 gold pieces.

Inventory:

Hand Weapons
 a - a +2 dagger
 b - a +1 blowgun
 z - the +9 falchion of the Jester (weapon) {elec, rN++}
   (You found it on level 6 of the Dungeon)

   Occasionally, upon striking a foe, it will discharge some electrical energy
   and cause terrible harm.
   It greatly protects you from negative energy.
Missiles
 e - 79 poisoned needles
 f - 3 curare-tipped needles
 j - 3 needles of sleeping
Armour
 c - a +0 robe (worn)
 h - a +1 pair of gloves (worn)
 F - a +1 cloak (worn)
Jewellery
 d - a ring of protection from cold (left hand)
 m - an uncursed ring of invisibility
 v - an uncursed amulet of faith
 E - a ring of poison resistance (right hand)
Wands
 s - a wand of digging (13)
 u - a wand of draining (8)
 x - a wand of draining (3)
 D - a wand of slowing (14)
 G - a wand of polymorph (10)
Scrolls
 l - a scroll of amnesia
 n - 4 scrolls of remove curse
 t - a scroll of recharging
 y - 3 scrolls of teleportation
 C - 3 scrolls of enchant armour
Potions
 i - a potion of flight
 k - 3 potions of resistance
 o - 2 potions of curing
 r - a potion of mutation
 w - a potion of magic
 H - a potion of lignification {unknown}
 I - a potion of heal wounds
 K - a potion of berserk rage {unknown}
Books
 q - a book of Dreams

   Spells                             Type                      Level
   a - Ensorcelled Hibernation        Hexes/Ice                    2
   b - Phase Shift                    Translocation                5
   c - Shadow Creatures               Summoning                    5
   d - Silence                        Hexes/Air                    5
   e - Darkness                       Hexes                        6
   f - Mass Confusion                 Hexes                        6
Comestibles
 g - 9 meat rations
 p - 3 beef jerkies
 B - 2 royal jellies


   Skills:
 - Level 9.1 Fighting
 + Level 12.1 Short Blades
 - Level 4.1 Throwing
 + Level 11.0 Dodging
 + Level 11.6 Stealth
 - Level 2.0 Spellcasting
 - Level 5.7 Hexes
 - Level 5.0 Ice Magic
 + Level 7.3 Invocations


You had 13 spell levels left.
You knew the following spells:

 Your Spells              Type           Power        Failure   Level  Hunger
a - Ensorcelled Hibernat  Hex/Ice        ####..       1%          2    ##.....


Dungeon Overview and Level Annotations

Branches:
Dungeon (12/15)            Temple (1/1) D:5            Lair (0/8) D:8
    Orc (0/4) D:12

Altars:
Ashenzari
Cheibriados
Dithmenos
Elyvilon
Fedhas
Gozag
Kikubaaqudgha
Makhleb
Nemelex Xobeh
Okawaru
Qazlal
Ru
Sif Muna
Trog
Vehumet
Xom
Yredelemnul
Zin
The Shining One

Shops:
D:7 %

Annotations:
D:12 1 runed door


Innate Abilities, Weirdness & Mutations

You are small and have problems with some larger weapons.
You are carnivorous and can eat meat at any time.


Message History

You destroy the wolf spider zombie!
Cheibriados thoroughly appreciates the change of pace.
The centaur skeleton misses you.
The centaur skeleton completely misses you.
The centaur skeleton hits you but does no damage.
The centaur skeleton hits you.
The centaur skeleton closely misses you.
You slash the centaur skeleton! The centaur skeleton hits you.
You slash the centaur skeleton!
There is a sudden explosion of sparks!
You destroy the centaur skeleton!
Cheibriados thoroughly appreciates the change of pace.
You hit the hill giant.
The hill giant is lightly wounded.
The hill giant hits you with a giant club!
* * * LOW HITPOINT WARNING * * *
You are too injured to fight recklessly!
You are too injured to fight recklessly!
You fail to use your ability.
The hill giant hits you with a giant club!
You die...

*,,,,,,,,..............##**,,
*,,****#.#.............##**,,
#..#,,,#.#........$....##**,,
#..#,,.#.#.............##**,,
#..#,..#.##........(..###***,
#..#,..#.###......(..## **
###..#...#.# ##.......## *
#....#...#.#######.######******
#....#...#....@CS)........,,,,,
#...<'...#.....#######....,,,,,
#....'...#.....# *,,..,****
#....#####.....# *,,,,,*
#..............# *,,,,,*
#..............# *,,,,,*
#######........#######.,,,,****
###.....(........,,,,,,,,
#..............,,******


You could see a hill giant and a water moccasin.

Vanquished Creatures
  A centaur warrior (D:9)
  An ugly thing (D:11)
  A wolf spider zombie (D:12)
  5 hill giants
  A centaur zombie (D:11)
  A gargoyle (D:11)
  Psyche (D:10)
  A centaur skeleton (D:12)
  2 trolls
  A two-headed ogre (D:9)
  Prince Ribbit (D:7)
  A shadow (D:11)
  A wyvern (D:9)
  Sigmund (D:3)
  27 yaks
  A wraith (D:12)
  A deep elf fighter (D:8)
  Grum (D:9)
  A hippogriff (D:9)
  2 hungry ghosts
  4 wolves
  A water moccasin (D:11)
  4 sky beasts
  3 phantoms (D:7)
  An eye of draining (D:9)
  3 orc warriors
  7 centaurs
  2 necrophages (D:7)
  A black bear (D:8)
  4 ice beasts
  A wasp (D:10)
  A crocodile (D:10)
  7 ogres
  3 giant frogs
  Blork the orc (D:4)
  The ghost of homeworkjunkie the Sneak, an amateur SpAs (D:4)
  A gnoll sergeant (D:9)
  A wyvern zombie (D:9)
  A wyvern skeleton (D:10)
  5 scorpions
  11 wights
  11 killer bees
  6 crimson imps
  A quasit (D:7)
  3 hounds
  8 jellies
  Crazy Yiuf (D:7)
  7 orc priests
  4 giant frog zombies
  A giant frog skeleton (D:5)
  10 orc wizards
  2 iguanas
  10 worker ants
  A hound skeleton (D:6)
  A worker ant zombie (D:6)
  11 adders
  2 river rats (D:8)
  9 gnolls
  5 shadow imps
  2 oozes (D:5)
  An adder skeleton (D:9)
  2 adder zombies
  3 worms
  7 giant geckos
  47 orcs
  12 bats
  4 giant cockroaches
  3 goblins
  5 hobgoblins
  9 jackals
  14 kobolds
  2 quokkas
  A giant cockroach zombie (D:5)
  3 giant newts
  2 jackal skeletons
  16 rats
  A fungus (D:8)
342 creatures vanquished.

Vanquished Creatures (others)
  15 fungi (D:8)
  5 plants (D:8)
20 creatures vanquished.

Grand Total: 362 creatures vanquished

Notes
Turn   | Place    | Note
--------------------------------------------------------------
     0 | D:1      | Ijustatesigmund the Kobold Assassin began the quest for the Orb.
     0 | D:1      | Reached XP level 1. HP: 12/12 MP: 1/1
   240 | D:1      | Reached XP level 2. HP: 17/17 MP: 2/2
   552 | D:1      | Reached XP level 3. HP: 17/21 MP: 3/3
  1061 | D:2      | Reached skill level 6 in Stealth
  1408 | D:2      | Found a glowing silver altar of Zin.
  1408 | D:2      | Found a blossoming altar of Fedhas.
  1409 | D:2      | Found a shattered altar of Ashenzari.
  1483 | D:3      | Noticed Sigmund
  1488 | D:3      | Killed Sigmund
  1488 | D:3      | Reached skill level 7 in Stealth
  1488 | D:3      | Reached XP level 4. HP: 26/26 MP: 4/4
  1488 | D:3      | Reached XP level 5. HP: 30/30 MP: 5/5
  1488 | D:3      | Reached XP level 6. HP: 35/35 MP: 6/6
  2580 | D:4      | Learned a level 2 spell: Ensorcelled Hibernation
  2611 | D:4      | Noticed Blork the orc
  2619 | D:4      | Killed Blork the orc
  2828 | D:4      | Reached skill level 1 in Ice Magic
  2829 | D:4      | Reached XP level 7. HP: 41/41 MP: 7/7
  2938 | D:4      | Reached skill level 1 in Hexes
  2986 | D:4      | Noticed homeworkjunkie's ghost (amateur SpAs)
  3011 | D:5      | Entered Level 5 of the Dungeon
  3044 | D:5      | Found a basalt altar of Yredelemnul.
  3238 | D:5      | Found a burning altar of Makhleb.
  3346 | D:5      | Reached XP level 8. HP: 40/48 MP: 8/8
  3520 | D:5      | Found a staircase to the Ecumenical Temple.
  3588 | Temple   | Entered the Ecumenical Temple
  3656 | Temple   | Became a worshipper of Cheibriados the Contemplative
  3705 | D:5      | Reached skill level 5 in Dodging
  3889 | D:5      | Reached skill level 5 in Fighting
  3889 | D:5      | Reached skill level 1 in Invocations
  3967 | D:5      | Found a white marble altar of Elyvilon.
  4585 | D:6      | Got an encrusted falchion
  4586 | D:6      | Identified the +9 falchion of the Jester {elec, rN++} (You found it on level 6 of the Dungeon)
  4612 | D:6      | Found a sparkling altar of Nemelex Xobeh.
  4628 | D:6      | Reached * piety under Cheibriados
  4876 | D:7      | Found Hicsoq's Food Shop.
  4892 | D:7      | Reached XP level 9. HP: 34/55 MP: 9/11
  5233 | D:7      | Noticed Prince Ribbit
  5245 | D:7      | Killed Prince Ribbit
  5768 | D:4      | Killed homeworkjunkie's ghost
  5880 | D:4      | Reached ** piety under Cheibriados
  5952 | D:4      | Found a snail-covered altar of Cheibriados.
  6160 | D:7      | Reached skill level 5 in Invocations
  6226 | D:7      | Found a sacrificial altar of Ru.
  6248 | D:7      | Reached skill level 8 in Dodging
  6526 | D:7      | Reached XP level 10. HP: 35/64 MP: 14/14
  6823 | D:7      | Noticed Crazy Yiuf
  6825 | D:7      | Killed Crazy Yiuf
  6899 | D:7      | Reached skill level 5 in Short Blades
  7500 | D:8      | Reached *** piety under Cheibriados
  7770 | D:8      | Reached skill level 9 in Fighting
  7777 | D:8      | HP: 2/65 [river rat (7)]
  8202 | D:8      | Found a staircase to the Lair.
  8601 | D:9      | Reached skill level 1 in Spellcasting
  8629 | D:9      | Reached **** piety under Cheibriados
  8791 | D:9      | Reached XP level 11. HP: 66/70 MP: 11/16
  9557 | D:9      | Noticed Grum
  9569 | D:9      | Reached ***** piety under Cheibriados
  9773 | D:9      | Noticed a centaur warrior
  9782 | D:9      | Killed a centaur warrior
 10040 | D:9      | Found a shimmering altar of Xom.
 10085 | D:9      | Killed Grum
 10411 | D:9      | Reached skill level 5 in Ice Magic
 10686 | D:10     | Entered Level 10 of the Dungeon
 10922 | D:10     | Noticed a hill giant
 10929 | D:10     | Killed a hill giant
 10929 | D:10     | Reached skill level 5 in Hexes
 11021 | D:10     | Reached skill level 10 in Short Blades
 11376 | D:10     | Noticed Psyche
 11385 | D:10     | Killed Psyche
 11504 | D:11     | Reached XP level 12. HP: 75/75 MP: 17/17
 11546 | D:11     | Noticed a hill giant
 11562 | D:11     | Killed a hill giant
 11610 | D:11     | Noticed a hill giant
 11628 | D:11     | Killed a hill giant
 11665 | D:11     | Reached skill level 11 in Short Blades
 11753 | D:11     | Reached skill level 10 in Stealth
 11928 | D:11     | Reached skill level 10 in Dodging
 12085 | D:11     | Noticed a cyan ugly thing
 12590 | D:11     | Noticed a hill giant
 12594 | D:11     | Killed a hill giant
 12620 | D:11     | Killed a cyan ugly thing
 12938 | D:12     | Noticed a skeletal warrior
 12946 | D:12     | Reached skill level 12 in Short Blades
 13182 | D:12     | Found a large runed door.
 13206 | D:12     | Mangled by a hill giant

Action                   |  1- 3 |  4- 6 |  7- 9 | 10-12 || total
-------------------------+-------+-------+-------+-------++-------
Melee: Dagger            |    94 |    65 |   328 |   198 ||   685
       Falchion          |       |       |    54 |   462 ||   516
 Fire: Blowgun           |     7 |     9 |    34 |    17 ||    67
Throw: Tomahawk          |       |       |    13 |    46 ||    59
 Cast: Ensorcelled Hiber |       |       |    13 |    16 ||    29
Invok: Slouch            |       |       |       |     3 ||     3
       Step From Time    |       |       |       |     2 ||     2
Evoke: Wand              |       |       |     3 |       ||     3
  Use: Scroll            |     7 |     2 |     9 |     8 ||    26
       Potion            |     1 |     1 |     2 |     1 ||     5
 Stab: Sleeping          |    10 |     9 |    25 |    26 ||    70
       Distracted        |       |     1 |     4 |     3 ||     8
  Eat: Chunk             |     7 |       |    17 |    19 ||    43
       Pizza             |       |       |       |     2 ||     2
